Map: Orbital Shipyard

Players

MorN

  • Race: Terran Terran
  • League: Master

Crowbar - Winner!

  • Race: Zerg Zerg
  • League: Platinum

VOD

Have the link to the VOD?

Description

Time

  • Played on: Nov. 17, 2015, 11:48 p.m.
  • Length: 8:19
Show
View Real Time Build Order
Export as new Build Order

MorN Terran 

Build Orders: Liberator Opening, Reaper Expand, MMM Bio 

Get SALT Encoding   

  12  0:00  SCV  
  13  0:13  SCV  
  14  0:17  Supply Depot  
  14  0:25  SCV  
  15  0:39  SCV  
  15  0:40  Barracks  
  16  0:47  Refinery  
  16  0:51  SCV  
  17  1:03  SCV  
  18  1:15  SCV  
  19  1:27  Orbital Command  
  19  1:30  Reaper  
  20  1:41  Command Center  
  20  1:52  Supply Depot  
  20  1:53  SCV  
  21  2:02  Reaper  
  21  2:06  SCV  
  23  2:18  SCV  
  24  2:28  Factory  
  24  2:40  SCV  
  24  2:43  Refinery  
  25  2:46  Command Center  
  25  2:48  Barracks Reactor  
  25  2:56  Orbital Command  
  25  2:57  SCV  
  26  3:13  SCV  
  26  3:18  Starport  
  27  3:22  SCV  
  27  3:25  SCV  
  29  3:33  Hellion x2  
  29  3:34  SCV  
  34  3:37  SCV, Barracks Tech Lab  
  32  3:41  Liberator  
  33  3:46  SCV  
  34  3:49  SCV  
  34  3:54  Hellion x2  
  39  3:55  Marine  
  39  3:59  SCV  
  39  4:00  Orbital Command  
  44  4:03  SCV  
  45  4:11  SCV  
  45  4:12  Stimpack  
  45  4:15  SCV, Marine  
  48  4:20  Hellion  
  48  4:21  Hellion  
  48  4:23  SCV  
  53  4:26  SCV, Supply Depot  
  53  4:27  SCV  
  53  4:28  Liberator  
  55  4:35  SCV  
  59  4:45  SCV  
  59  4:46  SCV  
  59  4:48  SCV  
  59  4:50  Refinery  
  59  4:51  Refinery, Engineering Bay  
  62  4:53  Engineering Bay  
  62  4:58  SCV  
  62  4:59  SCV  
  64  5:02  Factory Reactor  
  64  5:03  Barracks x2  
  64  5:06  SCV  
  65  5:10  SCV  
  65  5:13  SCV  
  67  5:17  Marauder  
  69  5:23  Supply Depot  
  69  5:24  Terran Infantry Weapons Level 1, Terran Infantry Armor Level 1  
  69  5:25  Supply Depot  
  69  5:42  Orbital Command, Starport Reactor  
  69  5:45  SCV x2  
  72  5:51  Factory Reactor  
  72  5:52  Supply Depot  
  72  5:56  Marine x2  
  73  5:57  SCV x2  
  73  6:01  Marine x2  
  73  6:02  Marine  
  73  6:03  Barracks  
  78  6:05  Barracks  
  78  6:08  SCV  
  78  6:09  SCV  
  80  6:14  Marine  
  81  6:22  Combat Shields, Marine x4  
  81  6:23  Medivac  
  81  6:24  Medivac  
  86  6:32  Marine  
  87  6:40  Marine x4  
  87  6:41  Widow Mine x2  
  87  6:42  SCV  
  93  6:53  Barracks Reactor x2, SCV x2  
  95  6:59  Barracks  
  95  7:01  Barracks, Marauder  
  97  7:02  Barracks, Marine x3  
  97  7:06  SCV  
  101  7:15  Supply Depot x2  
  101  7:22  Refinery  
  101  7:23  Supply Depot, Marine x2  
  101  7:24  SCV x2, Marauder  
  101  7:26  Medivac  
  101  7:27  Refinery  
  109  7:36  Marine x3, Medivac, Widow Mine x2  
  118  7:37  SCV  
  118  7:38  Factory  
  106  7:45  Marauder  
  106  7:49  Barracks Tech Lab x3  
Show
View Real Time Build Order
Export as new Build Order

Crowbar Zerg - Winner!

Build Orders: Hatch First, Lurkers 

Get SALT Encoding   

  12  0:01  Drone  
  13  0:12  Overlord  
  13  0:17  Drone  
  14  0:30  Drone x2  
  16  0:36  Drone  
  17  0:52  Hatchery  
  17  0:56  Drone  
  17  0:59  Drone  
  18  1:06  Extractor  
  17  1:17  Spawning Pool  
  17  1:18  Drone x2  
  18  1:29  Drone  
  19  1:42  Overlord  
  19  1:50  Drone  
  20  2:01  Drone  
  21  2:05  Queen  
  21  2:06  Queen  
  26  2:08  Zergling x2  
  26  2:15  Metabolic Boost  
  26  2:20  Overlord  
  26  2:23  Drone  
  26  2:25  Drone  
  28  2:35  Drone  
  29  2:38  Drone x2  
  29  2:41  Queen  
  33  2:48  Drone  
  33  2:50  Drone  
  35  2:57  Drone  
  35  2:58  Drone  
  37  3:05  Zergling x2  
  38  3:12  Drone  
  39  3:14  Zergling x6  
  39  3:19  Queen  
  44  3:31  Lair  
  44  3:33  Overlord  
  44  3:38  Hatchery  
  42  3:45  Drone  
  43  3:53  Drone x8  
  51  3:59  Roach Warren  
  51  4:02  Queen, Extractor  
  51  4:24  Spore Crawler  
  51  4:26  Overlord x2  
  50  4:33  Hydralisk Den  
  46  4:42  Drone x4  
  46  4:43  Drone  
  51  4:46  Extractor  
  51  4:51  Drone  
  51  4:52  Drone x4  
  55  4:54  Roach  
  55  4:55  Roach x2  
  55  4:56  Extractor  
  60  5:01  Roach  
  60  5:05  Roach x2  
  60  5:06  Lurker Den  
  66  5:11  Roach  
  68  5:16  Drone  
  68  5:17  Overlord  
  69  5:28  Overlord  
  69  5:29  Drone x5  
  71  5:53  Drone x3  
  74  5:58  Drone  
  74  5:59  Hydralisk x7  
  74  6:00  Evolution Chamber, Hydralisk  
  74  6:04  Drone, Extractor x2  
  90  6:05  Drone  
  90  6:07  Overlord  
  90  6:09  Overlord  
  90  6:28  Overlord  
  90  6:45  Lurker x4  
  94  6:48  Drone  
  94  6:49  Drone x4  
  94  6:52  Lurker  
  99  6:58  Overlord  
  99  6:59  Overlord  
  99  7:02  Drone  
  99  7:03  Drone x9  
  99  7:04  Evolution Chamber  
  108  7:10  Zergling x2  
  109  7:16  Hatchery  
  109  7:17  Zergling x12  
  114  7:32  Lurker x3  
  114  7:33  Zergling x4  
  114  7:34  Zergling x8  
  120  7:45  Hydralisk x5  
  120  7:49  Overlord x2  
  123  8:10  Ravager  
  123  8:11  Ravager x5  
Tags
 
Add a new tag
Caveats
  • Supply blocks, unpowered buildings, or Contaminate may cause inaccurate times.
  • Supply counts are checked every 10 seconds.